 Dungeon Crawl Stone Soup version 0.27-a0-1384-g1422d76b99 (webtiles) character file.

Game seed: 13375506904964659745

158606 robertstho the Severer (level 17, 0/252 HPs)
             Began as a Minotaur Berserker on June 30, 2021.
             Was the Champion of Trog.
             Succumbed to a spriggan rider's poison
             ... on level 4 of the Swamp.
             The game lasted 00:41:00 (22401 turns).

robertstho the Severer (Minotaur Berserker)        Turns: 22401, Time: 00:41:01

Health: 0/252      AC: 20    Str: 28    XL:     17   Next: 14%
Magic:  16/16      EV: 20    Int:  5    God:    Trog [******]
Gold:   2612       SH:  0    Dex: 10    Spells: 16/16 levels left

rFire    . . .     SeeInvis .   T - +2 battleaxe (flame)
rCold    . . .     Faith    .   (shield currently unavailable)
rNeg     . . .     Spirit   .   Y - +0 swamp dragon scales
rPois    +         Reflect  .   (helmet restricted)
rElec    .         Harm     .   u - scarf {shadows}
rCorr    .         Rampage  .   C - +1 pair of gloves
Will     +....                  n - +0 pair of boots
Stlth    ..........             x - amulet of regeneration
HPRegen  1.52/turn              y - +4 ring of protection
MPRegen  0.15/turn              m - +4 ring of evasion

@: berserking (expiring), lethally poisoned (0 -> -3), studying Long Blades,
quick
A: horns 2, retaliatory headbutt
a: Renounce Religion, Berserk, Trog's Hand, Brothers in Arms


You were on level 4 of the Swamp.
You worshipped Trog.
Trog was exalted by your worship.
You visited 4 branches of the dungeon, and saw 27 of its levels.
You visited the Abyss 1 time.
You also visited: Sewer.

You collected 3136 gold pieces.
You spent 524 gold pieces at shops.

Inventory:

Hand Weapons
 a - a +2 war axe of electrocution
 f - a +3 antimagic battleaxe
 T - a +2 battleaxe of flaming (weapon)
Armour
 c - the +9 plate armour "Loez" {Str+2}
   (You found it on level 9 of the Dungeon)

   Str:       It affects your strength (+2).
 n - a +0 pair of boots (worn)
 u - a scarf of shadows (worn)
 C - a +1 pair of gloves (worn)
 G - a +0 tower shield
 Q - the +6 chain mail of Vairo {rCorr Str+4 Dex+2}
   (You bought it in a shop on level 15 of the Dungeon)

   Str:       It affects your strength (+4).
   Dex:       It affects your dexterity (+2).
   rCorr:     It protects you from acid and corrosion.
 Y - +0 swamp dragon scales (worn)
Jewellery
 l - a ring of protection from fire
 m - a +4 ring of evasion (right hand)
 r - a ring of protection from fire
 v - a ring of protection from cold
 x - an amulet of regeneration (around neck)
 y - a +4 ring of protection (left hand)
 H - a ring of ice
Wands
 F - a wand of iceblast (25)
 L - a wand of acid (32)
Scrolls
 b - 3 scrolls of silence
 e - 6 scrolls of enchant armour
 i - 14 scrolls of teleportation
 o - 3 scrolls of blinking
 p - 4 scrolls of fear
 w - 3 scrolls of immolation
 B - 4 scrolls of fog
 D - 5 scrolls of enchant weapon
 E - 2 scrolls of holy word
 P - 3 scrolls of magic mapping
 X - 2 scrolls of identify
Potions
 d - 14 potions of ambrosia
 g - a potion of cancellation
 h - 5 potions of might
 j - 5 potions of flight
 k - 5 potions of haste
 q - 8 potions of curing
 I - 2 potions of attraction
 J - 7 potions of heal wounds
 K - 4 potions of lignification
 N - a potion of mutation
 R - 2 potions of invisibility
 Z - a potion of resistance
Miscellaneous
 s - a tin of tremorstones (2/2)


   Skills:
 * Level 19.1 Fighting
 + Level 20.4 Axes
 * Level 17.0 Armour
 * Level 13.6 Dodging
 + Level 0.2 Shields


You had 16 spell levels left.
You didn't know any spells.
Your spell library was empty.

Dungeon Overview and Level Annotations

Branches:
Dungeon (15/15)            Temple (0/1) D:6            Lair (6/6) D:8
  Swamp (4/4) Lair:3        Snake (0/4) Lair:2        Slime (0/5) Lair:5
    Orc (2/2) D:12            Elf (0/3) Orc:2        Vaults (0/5) D:14
 Depths (0/5) D:15          Sewer (visited)

Altars:
Ashenzari
Cheibriados
Dithmenos
Elyvilon
Hepliaklqana
Makhleb
Okawaru
Qazlal
Sif Muna
Trog
Uskayaw
Vehumet
The Shining One
Beogh
Jiyva

Shops:
D:8 **   D:15 *[   Orc:2 =([*


Innate Abilities, Weirdness & Mutations

You have a pair of horns on your head.
You reflexively headbutt those who attack you in melee.


Message History

You are too injured to fight recklessly!
A red film seems to cover your vision as you go berserk!
You feel yourself moving faster!
You feel mighty!
You feel very sick. The alligator bites you!! The alligator tail-slaps you.
The spriggan rider hits you but does no damage.
You are more poisoned.
The alligator misses you. You furiously retaliate!
You headbutt the alligator! The alligator tail-slaps you!
* * * LOW HITPOINT WARNING * * *
The spriggan completely misses you. You furiously retaliate!
You headbutt the spriggan!
You kill the spriggan!
Trog accepts your kill. The alligator bites you!!
* * * LOW HITPOINT WARNING * * *
The alligator tail-slaps you.
* * * LOW HITPOINT WARNING * * *
Your unstable footing causes you to fumble your attack.
You feel sick. The alligator bites you!!
* * * LOW HITPOINT WARNING * * *
The alligator misses you.
Unknown command.
You feel very sick.
The swamp worm fires a harpoon shot at you.
The harpoon shot hits you.
* * * LOW HITPOINT WARNING * * *
You are yanked forward by the harpoon shot.
Unknown command.
You feel a strong urge to attack something.
* * * LOW HITPOINT WARNING * * *
You feel sick.
The swamp worm fires a harpoon shot at you.
The harpoon shot misses you.
The ghost crab breathes spectral mist at you.
The spectral mist engulfs you but does no damage.
You enter the shallow water.
Moving in this stuff is going to be slow.
You are engulfed in spectral mist.
You die...

♣♣≈♣♣.≈≈≈
♣...≈≈..#
♣.≈≈≈..≈#
♣♣≈≈≈≈≈≈.#
♣♣≈.§§§≈≈.#
(.≈..≈≈≈≈≈##
≈§≈≈..<≈.≈≈#
≈≈≈≈≈♣♣♣.§☼♣♣
≈≈≈§≈..).t@Z♣
≈≈≈≈≈≈≈i)t§♣♣
≈≈≈≈≈..<§§♣♣
..≈≈≈≈≈≈tw♣
..≈≈≈≈≈≈≈..
..≈≈≈≈≈≈≈.≈≈
≈.≈≈.≈≈≈...≈≈
≈..≈♣≈..§≈.≈≈
≈....♣♣♣.≈§≈


You could see 2 alligators, a spriggan rider, a ghost crab, a spectral death
drake (summoned) and a swamp worm.

Vanquished Creatures
  A bone dragon (Abyss:2)
  Jorgrun (Orc:1)
  A tentacled starspawn (Abyss:2)
  Kirke (D:14)
  A thorn hunter (Swamp:3)
  An orc warlord (Orc:2)
  A very ugly thing (Abyss:2)
  A quicksilver ooze (shapeshifter) (D:14)
  A stone giant (D:15)
  Nessos (Lair:6)
  2 bunyips (Swamp:1)
  Azrael (D:14)
  4 eleionomae
  Snorg (Lair:6)
  An ettin (Orc:2)
  A vault guard (D:14)
  Fannar (D:11)
  5 boulder beetles
  2 rakshasas
  16 hydras
  6 catoblepae
  10 alligators
  6 centaur warriors
  4 two-headed ogres
  11 death yaks (Lair:6)
  2 tengu warriors (D:15)
  A death knight (D:13)
  A thrashing horror (Abyss:2)
  2 orc high priests (Orc:2)
  4 skeletal warriors (D:15)
  3 large abominations (Abyss:2)
  4 spriggan druids
  4 goliath frogs
  4 bog bodies
  2 wizards (D:14)
  3 swamp dragons
  3 necromancers (D:14)
  A lindwurm (Lair:5)
  A deep elf pyromancer (D:15)
  The ghost of LeiaKenobi the Digger, a novice FoEE of Cheibriados (D:5)
  2 orc knights
  A deep elf zephyrmancer (D:15)
  An oklob plant (Lair:3)
  22 ugly things
  4 cyclopes
  4 orc sorcerers (Orc:2)
  4 will-o-the-wisps
  6 manticores
  Maurice (D:8)
  4 elephants (Lair:5)
  12 cane toads
  6 black mambas
  4 gargoyles
  Psyche (D:11)
  A rime drake (Lair:4)
  A freezing wraith (D:14)
  6 komodo dragons
  3 polar bears
  A queen bee (Lair:2)
  7 trolls
  7 tyrant leeches
  A bloated husk (Swamp:1)
  13 hornets
  A raiju (Abyss:2)
  Prince Ribbit (D:5)
  6 slime creatures
  15 blink frogs
  6 flying skulls (Abyss:2)
  2 shadows
  12 spriggans
  A wyvern (D:10)
  A ynoxinul (Abyss:2)
  5 fire elementals (D:14)
  53 yaks
  Eustachio (D:5)
  A basilisk (shapeshifter) (D:13)
  5 hogs (D:14)
  A human (shapeshifter) (D:14)
  18 humans (D:14)
  9 vampire mosquitoes
  9 basilisks
  5 wargs
  5 nagas (Lair:2)
  10 swamp worms
  3 hell hounds (D:14)
  15 water moccasins
  2 acid dragons
  30 orc warriors
  3 swamp drakes
  4 sky beasts
  A hornet zombie (D:7)
  6 black bears
  7 ogres
  A black bear (shapeshifter) (D:13)
  4 boggarts (D:15)
  13 centaurs
  19 wolves
  A phantom (D:7)
  3 kobold brigands
  Blork the orc (D:5)
  11 bullfrogs
  2 gnoll sergeants
  2 scorpions
  A wyvern zombie (D:6)
  2 water moccasin skeletons
  40 killer bees
  3 small abominations (Abyss:2)
  12 wights
  6 howler monkeys
  7 centaur zombies
  5 jellies
  17 orc priests
  3 bullfrog skeletons (D:5)
  A hound (D:7)
  Natasha (twice) (D:2)
  A centaur skeleton (D:7)
  4 iguanas
  16 orc wizards
  A hound zombie (D:5)
  A howler monkey zombie (D:5)
  13 gnolls
  A howler monkey skeleton (D:4)
  10 adders
  A river rat (Sewer)
  4 worms (Sewer)
  79 orcs
  7 endoplasms
  7 giant cockroaches
  5 goblins
  5 hobgoblins
  18 jackals
  3 quokkas
  9 ball pythons
  6 bats
  5 frilled lizards
  11 kobolds
  14 rats
  5 briar patches (Swamp:3)
  2 bushes
  A plant (Lair:3)
  A starspawn tentacle (Abyss:2)
853 creatures vanquished.

Vanquished Creatures (collateral kills)
  An orc warlord (Orc:2)
  A centaur warrior (D:13)
  A death yak (Lair:6)
  A tengu warrior (D:15)
  A skeletal warrior (D:15)
  An orc knight (Orc:2)
  A deep elf pyromancer (D:13)
  3 slime creatures (D:13)
  An orc warrior (Orc:2)
  6 kobolds (D:5)
17 creatures vanquished.

Vanquished Creatures (others)
  4 bloated husks
  An orc warrior (D:12)
  An orc wizard (Orc:2)
  An orc (D:12)
  10 foxfires
  80 fungi
  73 plants
  A starspawn tentacle (Abyss:2)
171 creatures vanquished.

Grand Total: 1041 creatures vanquished

Notes
Turn   | Place    | Note
-------+----------+-------------------------------------------
     0 | D:1      | robertstho the Minotaur Berserker began the quest for the
                  | Orb.
     0 | D:1      | Reached XP level 1. HP: 19/19 MP: 0/0
   122 | D:1      | Found a faded altar of an unknown god.
   179 | D:1      | Reached XP level 2. HP: 27/27 MP: 1/1
   432 | D:1      | Reached skill level 4 in Axes
   704 | D:1      | Reached ** piety under Trog
   970 | D:2      | Reached XP level 3. HP: 34/34 MP: 2/2
  1164 | D:2      | Noticed Natasha
  1171 | D:2      | Killed Natasha
  1172 | D:2      | Reached XP level 4. HP: 33/41 MP: 3/3
  1359 | D:2      | Noticed Natasha
  1365 | D:2      | Killed Natasha
  1366 | D:2      | Reached skill level 5 in Fighting
  1590 | D:3      | Reached XP level 5. HP: 48/48 MP: 4/4
  1701 | D:3      | Reached *** piety under Trog
  1702 | D:3      | Reached skill level 5 in Axes
  1758 | D:3      | Found a glowing drain.
  1774 | Sewer    | Entered a sewer
  1899 | Sewer    | Reached XP level 6. HP: 42/56 MP: 5/5
  2328 | D:3      | Noticed a sky beast
  2332 | D:3      | Killed a sky beast
  2333 | D:3      | Reached skill level 6 in Axes
  2405 | D:3      | Found a radiant altar of Vehumet.
  2406 | D:3      | Found a shimmering blue altar of Sif Muna.
  2409 | D:3      | Found a white marble altar of Elyvilon.
  2409 | D:3      | Found a burning altar of Makhleb.
  2409 | D:3      | Found a snail-covered altar of Cheibriados.
  2924 | D:4      | Reached **** piety under Trog
  2925 | D:4      | Reached skill level 5 in Armour
  2925 | D:4      | Reached XP level 7. HP: 63/63 MP: 6/6
  3381 | D:4      | Reached skill level 7 in Axes
  3548 | D:5      | Entered Level 5 of the Dungeon
  3576 | D:5      | Noticed Blork the orc
  3584 | D:5      | Killed Blork the orc
  3686 | D:5      | Reached XP level 8. HP: 68/71 MP: 7/7
  3779 | D:5      | Noticed Prince Ribbit
  3788 | D:5      | Killed Prince Ribbit
  3847 | D:5      | Found a runed translucent gate.
  3847 | D:5      | Found a runed translucent gate.
  3847 | D:5      | Found a runed translucent gate.
  3849 | D:5      | Noticed LeiaKenobi's ghost (novice FoEE)
  3964 | D:5      | Reached skill level 8 in Axes
  4153 | D:5      | Noticed a hornet
  4158 | D:5      | Killed a hornet
  4159 | D:5      | Reached skill level 5 in Dodging
  4381 | D:5      | Found a broken altar of Ashenzari.
  4415 | D:5      | Noticed Eustachio
  4422 | D:5      | Killed Eustachio
  4645 | D:5      | Found a bloodstained altar of Trog.
  4659 | D:5      | Reached skill level 9 in Axes
  4659 | D:5      | Reached XP level 9. HP: 57/80 MP: 8/8
  4681 | D:5      | Reached ***** piety under Trog
  4991 | D:5      | Killed LeiaKenobi's ghost
  5280 | D:6      | Found a staircase to the Ecumenical Temple.
  5792 | D:7      | Reached skill level 10 in Axes
  6234 | D:8      | Identified the +5 giant club of the Dungeon {speed, rF++
                  | rCorr Int-2}
  6247 | D:8      | Reached XP level 10. HP: 90/90 MP: 9/9
  6308 | D:8      | Noticed a green ugly thing
  6323 | D:8      | Killed a green ugly thing
  6324 | D:8      | Reached skill level 10 in Armour
  6373 | D:8      | Found Esog's General Store.
  6375 | D:8      | Found Diciki's Specific Store.
  6383 | D:8      | Bought a scroll of identify for 30 gold pieces
  6383 | D:8      | Bought a scroll of noise for 15 gold pieces
  6383 | D:8      | Bought a potion of degeneration for 15 gold pieces
  6550 | D:8      | Noticed Maurice
  6567 | D:8      | Killed Maurice
  6622 | D:8      | Reached skill level 11 in Axes
  6654 | D:8      | Found a staircase to the Lair.
  7105 | D:9      | You fall into a shaft and drop 1 floor!
  7105 | D:10     | Entered Level 10 of the Dungeon
  7121 | D:10     | Received a gift from Trog
  7227 | D:10     | Found a shadowy altar of Dithmenos.
  7420 | D:10     | Found a hazy altar of Hepliaklqana.
  7597 | D:11     | Reached skill level 10 in Fighting
  7655 | D:11     | Reached XP level 11. HP: 99/99 MP: 3/10
  7716 | D:9      | Identified the +9 plate armour "Loez" {Str+2}
  7757 | D:9      | Found a hide-covered altar of Uskayaw.
  7867 | D:9      | Reached skill level 12 in Axes
  8198 | D:11     | Noticed Fannar
  8216 | D:11     | Killed Fannar
  8262 | D:11     | Noticed Psyche
  8274 | D:11     | Killed Psyche
  8334 | D:11     | Noticed a two-headed ogre
  8340 | D:11     | Killed a two-headed ogre
  8403 | D:11     | Received a gift from Trog
  8404 | D:11     | Reached skill level 13 in Axes
  8647 | D:12     | Noticed a boulder beetle
  8674 | D:12     | Killed a boulder beetle
  8777 | D:12     | Identified the +9 flail "Kaeklafyu" {drain, Dex+5}
  9205 | D:12     | Reached XP level 12. HP: 110/110 MP: 3/11
  9250 | D:12     | Found a staircase to the Orcish Mines.
  9392 | D:13     | Noticed a two-headed ogre
  9392 | D:13     | Noticed a centaur warrior
  9399 | D:13     | Killed a centaur warrior
  9404 | D:13     | Killed a two-headed ogre
  9460 | D:13     | Noticed a boulder beetle
  9460 | D:13     | Noticed a two-headed ogre
  9466 | D:13     | Killed a two-headed ogre
  9467 | D:13     | Reached skill level 14 in Axes
  9486 | D:13     | Killed a boulder beetle
  9586 | D:13     | Noticed a centaur warrior
  9593 | D:13     | Killed a centaur warrior
  9719 | D:13     | Noticed a centaur warrior
  9719 | D:13     | Noticed a catoblepas
  9719 | D:13     | Noticed a boulder beetle
  9724 | D:13     | Killed a boulder beetle
  9726 | D:13     | Killed a catoblepas
  9729 | D:13     | Killed a centaur warrior
  9741 | D:13     | Reached skill level 15 in Axes
  9824 | D:13     | Noticed a rakshasa
  9827 | D:13     | Noticed a two-headed ogre
  9841 | D:13     | Killed a two-headed ogre
  9845 | D:13     | Killed a rakshasa
 10024 | D:13     | Noticed a centaur warrior
 10024 | D:13     | Noticed a boulder beetle
 10024 | D:13     | Noticed a boulder beetle
 10024 | D:13     | Noticed a death knight
 10033 | D:13     | Killed a centaur warrior
 10039 | D:13     | Killed a death knight
 10040 | D:13     | Reached XP level 13. HP: 122/122 MP: 4/12
 10272 | D:14     | Reached skill level 10 in Dodging
 10273 | D:14     | Noticed a quicksilver ooze
 10273 | D:14     | a boulder beetle changed into a quicksilver ooze
 10278 | D:14     | Killed a quicksilver ooze
 10336 | D:14     | Cast into level 2 of the Abyss (a wizard)
 10346 | Abyss:2  | Found a corrupted altar of Lugonu.
 10388 | Abyss:2  | Reached ****** piety under Trog
 10460 | Abyss:2  | Noticed a tentacled starspawn
 10472 | Abyss:2  | Killed a tentacled starspawn
 10473 | Abyss:2  | Reached skill level 16 in Axes
 10517 | Abyss:2  | Noticed a tentacled starspawn
 10547 | Abyss:2  | Found a large runed translucent door.
 10548 | Abyss:2  | Found a large runed translucent door.
 10550 | Abyss:2  | Found a runed translucent gate.
 10551 | Abyss:2  | Found a runed translucent gate.
 10552 | Abyss:2  | Found a runed translucent gate.
 10554 | Abyss:2  | Found a large runed translucent door.
 10555 | Abyss:2  | Found a large runed translucent door.
 10563 | Abyss:2  | Found a large runed translucent door.
 10564 | Abyss:2  | Found a large runed translucent door.
 10565 | Abyss:2  | Found a large runed translucent door.
 10565 | Abyss:2  | Found a large runed translucent door.
 10565 | Abyss:2  | Found a runed translucent door.
 10566 | Abyss:2  | Found a large runed translucent door.
 10567 | Abyss:2  | Found a large runed translucent door.
 10580 | Abyss:2  | Found a runed translucent door.
 10586 | Abyss:2  | Noticed a bone dragon
 10613 | Abyss:2  | Noticed a purple very ugly thing
 10622 | Abyss:2  | Killed a bone dragon
 10626 | Abyss:2  | Killed a purple very ugly thing
 10636 | D:14     | Escaped the Abyss
 10924 | D:14     | Noticed Kirke
 10937 | D:14     | Killed Kirke
 10937 | D:14     | Received a gift from Trog
 10938 | D:14     | Reached XP level 14. HP: 133/133 MP: 4/13
 10964 | D:14     | Found a stormy altar of Qazlal.
 11006 | D:14     | Noticed Azrael
 11022 | D:14     | Killed Azrael
 11330 | D:14     | Found a gate to the Vaults.
 11336 | D:14     | Reached skill level 17 in Axes
 11438 | D:15     | Entered Level 15 of the Dungeon
 11443 | D:15     | Reached skill level 15 in Fighting
 11538 | D:15     | Found a glowing golden altar of the Shining One.
 11556 | D:15     | Found Dufyblerirph's Changing Room.
 11572 | D:15     | Bought a potion of mutation for 112 gold pieces
 11702 | D:15     | Found a staircase to the Depths.
 11702 | D:15     | Noticed a stone giant
 11711 | D:15     | Killed a stone giant
 11732 | D:15     | Received a gift from Trog
 11931 | D:15     | Found Odwivuadaa's Antique Armour Emporium.
 11934 | D:15     | Bought a faintly glowing chain mail for 256 gold pieces
 11934 | D:15     | Identified the +6 chain mail of Vairo {rCorr Str+4 Dex+2}
                  | (You bought it in a shop on level 15 of the Dungeon)
 12287 | D:15     | Reached skill level 15 in Armour
 12580 | Lair:1   | Entered Level 1 of the Lair of Beasts
 12599 | Lair:1   | Reached skill level 18 in Axes
 13183 | Lair:2   | Received a gift from Trog
 13189 | Lair:2   | Reached XP level 15. HP: 88/144 MP: 4/14
 13585 | Lair:2   | You fall into a shaft and drop 1 floor!
 13648 | Lair:3   | Found an iron altar of Okawaru.
 13944 | Lair:3   | Found a staircase to the Swamp.
 14503 | Lair:2   | Received a gift from Trog
 14619 | Lair:2   | Found a staircase to the Snake Pit.
 16253 | Lair:5   | Found a viscous altar of Jiyva.
 16253 | Lair:5   | Found a staircase to the Slime Pits.
 16443 | Lair:5   | Found a radiant altar of Vehumet.
 16935 | Lair:6   | Entered Level 6 of the Lair of Beasts
 17064 | Lair:6   | Reached skill level 19 in Axes
 17217 | Lair:6   | Received a gift from Trog
 17388 | Lair:6   | Noticed Snorg
 17394 | Lair:6   | Killed Snorg
 17587 | Lair:6   | Reached XP level 16. HP: 155/155 MP: 15/15
 17904 | Lair:6   | Noticed Nessos
 17911 | Lair:6   | Killed Nessos
 18258 | Orc:1    | Entered Level 1 of the Orcish Mines
 18461 | Orc:1    | Noticed Jorgrun
 18471 | Orc:1    | Killed Jorgrun
 18788 | Orc:2    | Entered Level 2 of the Orcish Mines
 18838 | Orc:2    | Found Momuff's Jewellery Emporium.
 18863 | Orc:2    | Found a staircase to the Elven Halls.
 19138 | Orc:2    | Found Xuemas's Antique Weapon Emporium.
 19161 | Orc:2    | Received a gift from Trog
 19285 | Orc:2    | Found Zecufrir's Antique Armour Emporium.
 19388 | Orc:2    | Found Epesesm's General Store.
 19395 | Orc:2    | Bought a scroll of identify for 32 gold pieces
 19395 | Orc:2    | Bought a scroll of identify for 32 gold pieces
 19395 | Orc:2    | Bought a scroll of identify for 32 gold pieces
 19443 | Orc:2    | Found a radiant altar of Vehumet.
 19691 | Swamp:1  | Entered Level 1 of the Swamp
 20093 | Swamp:1  | Reached skill level 20 in Axes
 20548 | Swamp:1  | Identified the +8 fustibalus "Qauvec" {vorpal, Dex+4}
 20679 | Swamp:2  | Received a gift from Trog
 21850 | Swamp:3  | Noticed a thorn hunter
 21865 | Swamp:3  | Killed a thorn hunter
 21904 | Swamp:3  | Reached XP level 17. HP: 158/166 MP: 16/16
 22379 | Swamp:4  | Entered Level 4 of the Swamp
 22398 | Swamp:4  | HP: 9/252 [alligator (21)]
 22399 | Swamp:4  | HP: 2/252 [swamp worm/harpoon shot (5)]
 22401 | Swamp:4  | Succumbed to a spriggan rider's poison

Illustrated notes

Levels and vault maps discovered:
D:1:      psy_arrival_fountain, layout_loops_ring,
          ebering_ecumenical_altar_ruins
D:2:      layout_basic, uniq_natasha
D:3:      layout_loops_ring, minitemple, portal_sewer_entry_a,
          kennysheep_nondescript
D:4:      layout_loops_ring
D:5:      layout_basic, kennysheep_mini_moat, trog_hazing_becter,
          gammafunk_ghost_nasty_kobolds, st_stairs_4, uniq_eustachio,
          uniq_blork_the_orc, uniq_prince_ribbit1
D:6:      layout_cave_pools, minmay_temple_entry_large_hall,
          serial_column_ruins, column_ruins_square_small,
          column_ruins_corridor_T, column_ruins_open_small, column_ruins_grid_2,
          column_ruins_columns_straight, column_ruins_columns_dead_end,
          column_ruins_open_small
D:7:      layout_cave_pools
D:8:      layout_basic, due_lair_maze_entry_diamond, nicolae_specific_store,
          uniq_maurice
D:9:      layout_roguey, nicolae_uskayaw_murder_on_the_dancefloor,
          mrwooster_statue_mirror
D:10:     layout_cave_pools, kennysheep_little_box,
          nicolae_overflow_hidden_temple, fountainhead
D:11:     layout_cave_pools, uniq_fannar, uniq_psyche
D:12:     layout_rooms, erik_orc_1
D:13:     kennysheep_bubbly, layout_basic, st_stairs_6, drop_trap
D:14:     layout_long_grid, grunt_vaults_entry_tiered,
          nicolae_qazlal_eye_of_the_storm, gauntlet_entry_generic, uniq_azrael,
          uniq_kirke
D:15:     grunt_enter_depths_snipers, layout_stronghold, serial_shops,
          nicolae_shop_behind_doors, tso_metal_star, serial_glass,
          glass_columns_a, glass_columns_a, nicolae_transmutations_shop,
          grunt_ministairs_13, patterned_corridor
Lair:1:   layout_cave_shapes, st_stairs_12, grunt_megastairs_3,
          infiniplex_staircase_pool
Lair:2:   layout_roguey [special_room_bee], minmay_snake_entry_guardpost_medium,
          st_stairs_3, beast_lair_carwin_6
Lair:3:   layout_cave_pods, minmay_swamp_entry_worms, minivault_19,
          lemuel_oklob_altar
Lair:4:   layout_cave_pods, lemuel_fruit_tree
Lair:5:   layout_regular_city, slime_altar_1, basic_altar, fungi_pond_lemuel
Lair:6:   evilmike_catoblepas_cave, layout_cave_pods,
          kennysheep_basilisk_garden, uniq_snorg, uniq_nessos
Swamp:1:  layout_basic_swamp, evilmike_swamp_ruin_house_2
Swamp:2:  layout_basic_swamp, infiniplex_staircase_pool_2
Swamp:3:  layout_basic_swamp, evilmike_swamp_ruin_rubble_1, swamp_pool2,
          st_swamp_ruins_3
Swamp:4:  grunt_swamp_rune_castle, layout_basic_swamp
Orc:1:    layout_caves, mines2_david, uniq_jorgrun
Orc:2:    grunt_orc_gardens, layout_diamond_mine, grunt_orc_garden,
          grunt_orc_garden, grunt_orc_garden, grunt_orc_garden, basic_altar

Skill      XL: |  1  2  3  4  5  6  7  8  9 10 11 12 13 14 15 16 17 |
---------------+----------------------------------------------------+-----
Fighting       | 4 5 6 7 8 10 11 13 14 16 17 18 19 | 19.1
Axes           | 4 5 6 7 9 10 11 13 15 16 18 19 20 | 20.4
Armour         | 3 4 5 6 7 9 11 12 13 14 15 16 17 | 17.0
Dodging        | 3 4 5 6 7 8 9 10 11 12 13 | 13.6
Shields        | |  0.2

Action                   |  1- 3 |  4- 6 |  7- 9 | 10-12 | 13-15 | 16-18 || total
-------------------------+-------+-------+-------+-------+-------+-------++-------
Melee: Hand axe          |    65 |   120 |   248 |   110 |       |       ||   543
       Headbutt          |    11 |    23 |    45 |   100 |   206 |   116 ||   501
       War axe           |       |    15 |       |       |       |       ||    15
       Battleaxe         |       |       |       |   332 |   886 |   551 ||  1769
Invok: Berserk           |       |     1 |     3 |     6 |     9 |     6 ||    25
       Brothers in Arms  |       |       |     1 |     2 |     2 |     1 ||     6
       Trog's Hand       |       |       |       |     1 |     2 |     1 ||     4
  Use: Scroll            |       |       |       |    13 |     9 |     4 ||    26
       Potion            |       |       |       |     1 |       |     1 ||     2
 Stab: Sleeping          |     1 |       |       |       |       |       ||     1
       Confused          |       |       |       |     2 |       |       ||     2
       Distracted        |       |       |       |       |       |     2 ||     2
Armor: Animal skin       |     8 |       |       |       |       |       ||     8
       Chain mail        |    20 |    27 |    42 |       |       |       ||    89
       Plate armour      |       |       |    38 |   318 |   624 |   136 ||  1116
       Swamp dragon scal |       |       |       |       |       |   102 ||   102
Dodge: Dodged            |    51 |    83 |   156 |   354 |   644 |   409 ||  1697
Block: Kite shield       |       |       |       |     5 |       |       ||     5

Table legend: (Time is in decaauts)
 A = Elapsed time spent in this place.
 B = Non-inter-level travel time spent in this place.
 C = Inter-level travel time spent in this place.
 D = Time resting spent in this place.
 E = Time spent auto-exploring this place.
 F = Levels seen in this place.
 G = Mean time per level.
                   A        B        C        D        E       F      G
               +--------+--------+--------+--------+--------+-----+--------+
         Total |  22568 |  21133 |   1435 |    512 |  15965 |  29 |  778.2 |
       Dungeon |  12122 |  11203 |    919 |    178 |   8426 |  15 |  808.1 |
          Lair |   5547 |   5198 |    349 |      4 |   4395 |   6 |  924.5 |
         Swamp |   2857 |   2774 |     83 |    213 |   2039 |   4 |  714.2 |
  Orcish Mines |   1237 |   1154 |     83 |    103 |    700 |   2 |  618.5 |
         Abyss |    292 |    292 |      0 |     13 |     85 |   1 |  292.0 |
         Sewer |    511 |    511 |      0 |      0 |    318 |   1 |  511.0 |
               +--------+--------+--------+--------+--------+-----+--------+

Top non-repeatable levels by time:
     D:5: 1532 daAuts
  Lair:2: 1128 daAuts
  Lair:6: 1101 daAuts
    D:14: 1074 daAuts
  Lair:4: 1025 daAuts
    D:15: 1024 daAuts
 Swamp:1: 980 daAuts
 Swamp:3: 957 daAuts
  Lair:3: 955 daAuts
 Swamp:2: 902 daAuts
    D:12: 892 daAuts
     D:1: 882 daAuts
     D:3: 856 daAuts
     D:8: 810 daAuts
  Lair:5: 748 daAuts
